 Dungeon Sprint DCSS version 0.31.0-12-g77e489cdc1 (webtiles) character file.

Game seed: 5773833205644515785

27559 Heoruswealwe the Minotaur Porcupine (level 13, 0/141 HPs)
             Began as a Minotaur Fighter on Mar 5, 2024.
             Was an Initiate of Gozag.
             Killed from afar by a nagaraja (28 damage)
             ... with a splash of poison
             ... in the Dungeon (Sprint IX: "|||||||||||||||||||||||||||||").
             The game lasted 00:29:54 (3039 turns).

Heoruswealwe the Minotaur Porcupine (MiFi)          Turns: 3039, Time: 00:29:56

Health: 0/141      AC: 32    Str: 31    XL:     13   Next: 5%
Magic:  1/12       EV:  7    Int:  8    God:    Gozag
Gold:   915        SH:  0    Dex:  7    Spells: 12/12 levels left

rFire   + + +        b - +2 halberd (vamp)
rCold   + . .        (shield currently unavailable)
rNeg    . . .        c - +3 plate armour {rC+}
rPois   .            g - +0 hat {Int+3}
rElec   +            h - +1 cloak {Stlth+}
rCorr   .            f - +0 pair of gloves
SInv    .            e - +3 pair of boots of the Sun {rElec rF+++ Dex-4}
Will    .....        (no amulet) Stlth
                     k - +3 ring of strength
HPRegen 0.43/turn    j - +3 ring of strength
MPRegen 0.13/turn

%: no teleportation
@: lethally poisoned (0 -> -15), untranslocatable, constricted
A: horns 2, retaliatory headbutt
a: Renounce Religion, Potion Petition, Call Merchant, Bribe Branch


You were in the Dungeon.
You worshipped Gozag.
Gozag was pleased with you.
You visited 1 branch You collected 12217 gold pieces.
You spent 6398 gold pieces at shops.
You paid 4904 gold pieces to Gozag.

Inventory:

Hand Weapons
 a - a +4 heavy trident
 b - a +2 vampiric halberd (weapon)
Armour
 c - a +3 plate armour of cold resistance (worn)
 d - a +1 tower shield
 e - the +3 pair of boots of the Sun (worn) {rElec rF+++ Dex-4}
   (You bought it in a shop in the Dungeon)

   Dex-4:     It affects your dexterity (-4).
   rF+++:     It renders you almost immune to fire.
   rElec:     It insulates you from electricity.
 f - a +0 pair of gloves (worn)
 g - a +0 hat of intelligence (worn)
 h - a +1 cloak of stealth (worn)
 A - the +6 lightning scales {swift, rElec}
   (You bought it in a shop in the Dungeon)

   Swift:     It allows the wearer to cover ground more swiftly.
   rElec:     It insulates you from electricity.
Jewellery
 j - a +3 ring of strength (right hand)
 k - a +3 ring of strength (left hand)
Talismans
 u - a storm talisman
Wands
 m - a wand of iceblast (10)
 y - a wand of paralysis (7)
Scrolls
 o - 3 scrolls of blinking
 t - 5 scrolls of identify
Potions
 i - 3 potions of berserk rage
 l - 3 potions of curing
 n - a potion of might
 p - 3 potions of mutation
 q - 3 potions of haste
 r - 5 potions of heal wounds
 s - a potion of cancellation
Miscellaneous
 D - a phial of floods


   Skills:
 + Level 20.7 Fighting
 O Level 27 Polearms
 + Level 20.7 Armour
 + Level 4.4 Dodging
 + Level 6.3 Shields
 + Level 3.0 Shapeshifting


You had 12 spell levels left.
You didn't know any spells.
Your spell library contained the following spells:

 Spells                   Type           Power      Damage    Failure   Level
 Call Canine Familiar     Summ           0%         N/A       99%         3
 Gell's Gravitas          Tloc           0%         N/A       99%         3
 Sigil of Binding         Hex            0%         N/A       99%         3
 Teleport Other           Tloc           0%         N/A       99%         3
 Dimensional Bullseye     Hex/Tloc       0%         N/A       100%        4
 Dispersal                Tloc           0%         N/A       100%        6


Dungeon Overview and Level Annotations

Branches:
Dungeon (1/1)

Altars:
Cheibriados
Dithmenos
Elyvilon
Fedhas
Gozag
Hepliaklqana
Kikubaaqudgha
Makhleb
Nemelex Xobeh
Okawaru
Qazlal
Ru
Sif Muna
Trog
Uskayaw
Vehumet
Wu Jian
Xom
Yredelemnul
Zin
The Shining One
Jiyva
Lugonu

Shops:
D ![[=(*[*[


Innate Abilities, Weirdness & Mutations

You have a pair of horns on your head.
You reflexively headbutt those who attack you in melee.


Message History

The naga mage's venom grows more potent.
The naga shouts!
You feel much better. The nagaraja spits poison at you.
The splash of poison hits you!!
You are poisoned.
* * * LOW HITPOINT WARNING * * *
You feel better.
The naga is no longer distracted by gold.
The nagaraja hits you from afar with a +0 spear!
* * * LOW HITPOINT WARNING * * *
The nagaraja hits you from afar with a +0 spear.
* * * LOW HITPOINT WARNING * * *
You feel much better.
The nagaraja points at you and mumbles some strange words.
You feel firmly anchored in space.
The nagaraja hits you but does no damage.
The nagaraja grabs you. The nagaraja constricts you.
The naga mage gestures at the naga while chanting.
The naga's venom grows more potent.
The nagaraja completely misses you. The nagaraja constricts you.
You impale the nagaraja!!
You feel better.
You headbutt the nagaraja!
The nagaraja is heavily wounded.
The black mamba no longer looks unusually toxic.
The nagaraja points at you and mumbles some strange words.
The poison arrow hits you!!
You are poisoned.
* * * LOW HITPOINT WARNING * * *
The nagaraja constricts you.
* * * LOW HITPOINT WARNING * * *
You feel better. The nagaraja hits you with a +0 spear!
* * * LOW HITPOINT WARNING * * *
The nagaraja constricts you.
You feel much better.
The shock serpent hisses angrily.
The nagaraja spits poison at you. The splash of poison hits you!!
You are poisoned.
You die...
Your body crumbles into a pile of gold.

,*,*,*,*,*,*,*,▓.▓.▓.▓.▓.▓.▓.▓.▓.
,*,*+*,*,*,*,*,▓.▓.▓.▓.▓.▓.▓'▓.▓.
,*,*,*,*,*,*,*,▓.▓.▓.▓.▓.▓.▓.▓.▓.
,*,*,*,*,*,*,*,▓.▓.▓'▓.▓.▓.▓.▓.▓.
+*,*,*,*,*,*,*,▓.▓.▓=▓.▓.▓.▓.▓.▓'
,*,*,*,*,*,*,*,▓.▓.▓=▓.▓.▓.▓.▓.▓(
,*,*,*,*+*,*,*,▓.▓.▓=▓.▓.▓.▓.▓.▓.
,*,*,*,*,*,*,*,▓.▓.▓=▓.▓'▓.▓(▓.▓.
,*,*,*,*,*,*,*,▓@▓.▓.▓.▓)▓.▓[▓.▓.
,*,*,*,*,*,*,*,▓N▓.▓)▓.▓.▓.▓.▓.▓.
,*,*,*,*,*,*,*,▓S▓.▓)▓.▓.▓.▓?▓.▓'
,*,*,*,*,*,*+*,▓N▓.▓)▓.▓.▓.▓.▓.▓_
,*,*,*,*,*,*,*,▓N▓.▓)▓.▓.▓.▓.▓.▓_
,*,*,*,*,*,*,*,▓N▓.▓)▓.▓.▓.▓.▓.▓_
,*,*,*,*,*,*,*,▓.▓.▓)▓.▓.▓.▓.▓.▓_
,*,*+*,*,*,*,*,▓S▓.▓)▓.▓.▓[▓'▓.▓_
,*,*,*,*,*,*,*,*,▓.▓)▓.▓.▓.▓.▓.▓_


You could see a nagaraja (fast, catching breath), a shock serpent, a black
mamba, 2 naga magi and a naga (curare).

Vanquished Creatures
  Gastronok (D)
  3 stone giants (D)
  Erolcha (D)
  Josephine (D)
  2 ice dragons (D)
  2 ogre magi (D)
  A hydra (D)
  A centaur warrior (D)
  A boulder beetle (D)
  A death knight (D)
  A death yak (D)
  5 two-headed ogres (D)
  2 deep troll earth magi (D)
  A naga warrior (D)
  A skyshark (D)
  A mana viper (D)
  4 lindwurms (D)
  2 orc knights (D)
  An ugly thing (D)
  A wolf spider (D)
  An elephant (D)
  2 manticores (D)
  A cyclops (D)
  A black mamba (D)
  A gargoyle (D)
  A cane toad (D)
  A rime drake (D)
  A kobold demonologist (D)
  2 komodo dragons (D)
  A troll (D)
  A polar bear (D)
  2 tyrant leeches (D)
  A slime creature (D)
  2 yaks (D)
  2 wyverns (D)
  4 wraiths (D)
  A hog (shapeshifter) (D)
  A steam dragon (D)
  A basilisk (D)
  3 water moccasins (D)
  13 orc warriors (D)
  A black bear (D)
  6 ogres (D)
  A boggart (shapeshifter) (D)
  2 centaurs (D)
  2 bullfrogs (D)
  A scorpion (D)
  A jelly (D)
  3 orc priests (D)
  An iguana (D)
  3 orc wizards (D)
  An adder (D)
  2 ribbon worms (D)
  6 orcs (D)
  An endoplasm (D)
  4 goblins (D)
111 creatures vanquished.

Notes
Turn   | Place    | Note
-------+----------+-------------------------------------------
     0 | D        | Heoruswealwe the Minotaur Fighter began the quest for the
                  | Orb.
     0 | D        | Reached XP level 1. HP: 19/19 MP: 0/0
     5 | D        | Reached skill level 3 in Polearms
    18 | D        | Reached skill level 4 in Polearms
    47 | D        | Noticed a jelly
    47 | D        | Noticed an iguana
    47 | D        | Noticed a scorpion
    49 | D        | Killed a jelly
    50 | D        | Reached skill level 5 in Fighting
    50 | D        | Reached skill level 5 in Polearms
    50 | D        | Reached skill level 5 in Armour
    50 | D        | Reached XP level 2. HP: 23/29 MP: 1/1
    50 | D        | Reached XP level 3. HP: 28/36 MP: 2/2
    56 | D        | Reached skill level 6 in Polearms
    63 | D        | Killed a scorpion
    64 | D        | Reached skill level 8 in Polearms
    64 | D        | Reached XP level 4. HP: 10/45 MP: 3/3
    75 | D        | Found a snail-covered altar of Cheibriados.
    75 | D        | Found a shadowy altar of Dithmenos.
    75 | D        | Found a white marble altar of Elyvilon.
    75 | D        | Found a blossoming altar of Fedhas.
    75 | D        | Found an opulent altar of Gozag.
    76 | D        | Found a hazy altar of Hepliaklqana.
    77 | D        | Found a viscous altar of Jiyva.
    78 | D        | Found an ancient bone altar of Kikubaaqudgha.
    79 | D        | Found a corrupted altar of Lugonu.
    80 | D        | Found a burning altar of Makhleb.
    81 | D        | Found a sparkling altar of Nemelex Xobeh.
    82 | D        | Found an iron altar of Okawaru.
    83 | D        | Found a stormy altar of Qazlal.
    85 | D        | Became a worshipper of Gozag Ym Sagoz the Greedy
    87 | D        | Found a sacrificial altar of Ru.
    88 | D        | Found a shimmering blue altar of Sif Muna.
    89 | D        | Found a bloodstained altar of Trog.
    90 | D        | Found a hide-covered altar of Uskayaw.
    91 | D        | Found a radiant altar of Vehumet.
    92 | D        | Found an ornate altar of the Wu Jian Council.
    93 | D        | Found a shimmering altar of Xom.
    94 | D        | Found a basalt altar of Yredelemnul.
    95 | D        | Found a glowing silver altar of Zin.
    96 | D        | Found a glowing golden altar of the Shining One.
   195 | D        | Noticed an orc warrior
   195 | D        | Noticed a wyvern
   195 | D        | Noticed a troll
   195 | D        | Noticed a steam dragon
   195 | D        | Noticed a gargoyle
   195 | D        | Noticed a centaur
   199 | D        | Killed an orc warrior
   200 | D        | Reached skill level 10 in Polearms
   200 | D        | Reached XP level 5. HP: 36/53 MP: 4/4
   204 | D        | Killed a wyvern
   205 | D        | Reached skill level 11 in Polearms
   205 | D        | Reached XP level 6. HP: 38/63 MP: 5/5
   210 | D        | Killed a troll
   211 | D        | Reached skill level 10 in Fighting
   211 | D        | Reached skill level 13 in Polearms
   211 | D        | Reached skill level 10 in Armour
   211 | D        | Reached XP level 7. HP: 25/72 MP: 6/6
   219 | D        | Killed a steam dragon
   222 | D        | Killed a gargoyle
   223 | D        | Reached skill level 14 in Polearms
   223 | D        | Reached XP level 8. HP: 66/82 MP: 7/7
   318 | D        | Noticed a cyclops
   318 | D        | Noticed a kobold demonologist
   318 | D        | Noticed a manticore
   318 | D        | Noticed a purple ugly thing
   318 | D        | Noticed a centaur warrior
   325 | D        | Killed a cyclops
   326 | D        | Reached skill level 15 in Polearms
   328 | D        | Reached skill level 16 in Polearms
   337 | D        | Killed a kobold demonologist
   341 | D        | Killed a manticore
   342 | D        | Reached skill level 17 in Polearms
   342 | D        | Reached XP level 9. HP: 55/92 MP: 8/8
   347 | D        | Killed a purple ugly thing
   350 | D        | Killed a centaur warrior
   351 | D        | Reached skill level 18 in Polearms
   553 | D        | Noticed a cane toad
   553 | D        | Noticed a komodo dragon
   556 | D        | Killed a cane toad
   557 | D        | Noticed a polar bear
   563 | D        | Killed a komodo dragon
   564 | D        | Reached skill level 19 in Polearms
   572 | D        | Reached XP level 10. HP: 104/104 MP: 9/9
   594 | D        | Noticed a death yak
   594 | D        | Noticed a skyshark
   597 | D        | Reached skill level 20 in Polearms
   601 | D        | Killed a death yak
   602 | D        | Reached skill level 15 in Fighting
   602 | D        | Reached skill level 15 in Armour
   615 | D        | Noticed an elephant
   617 | D        | Killed a skyshark
   618 | D        | Reached skill level 21 in Polearms
   631 | D        | Killed an elephant
   649 | D        | Noticed a lindwurm
   649 | D        | Noticed a lindwurm
   659 | D        | Killed a lindwurm
   660 | D        | Noticed a lindwurm
   663 | D        | Noticed a lindwurm
   667 | D        | Killed a lindwurm
   668 | D        | Reached skill level 22 in Polearms
   668 | D        | Reached XP level 11. HP: 87/115 MP: 10/10
   693 | D        | Killed a lindwurm
   696 | D        | Killed a lindwurm
   787 | D        | Noticed Josephine
   799 | D        | Killed Josephine
   805 | D        | Reached skill level 23 in Polearms
  1010 | D        | Noticed an orc knight
  1032 | D        | Noticed an orc knight
  1039 | D        | Killed an orc knight
  1050 | D        | Killed an orc knight
  1130 | D        | Found Tetaapud's Distillery.
  1130 | D        | Noticed a two-headed ogre
  1130 | D        | Noticed a two-headed ogre
  1130 | D        | Noticed a two-headed ogre
  1136 | D        | Killed a two-headed ogre
  1137 | D        | Reached skill level 24 in Polearms
  1141 | D        | Killed a two-headed ogre
  1143 | D        | Noticed an ogre mage
  1144 | D        | Killed a two-headed ogre
  1148 | D        | Noticed an ogre mage
  1169 | D        | Killed an ogre mage
  1169 | D        | Paralysed by something for 5 turns
  1180 | D        | Killed an ogre mage
  1181 | D        | Reached XP level 12. HP: 128/128 MP: 11/11
  1186 | D        | Found Ohybyat's Armour Shoppe.
  1190 | D        | Found Jeytz's Antique Armour Emporium.
  1194 | D        | Found Cajex's Jewellery Shoppe.
  1197 | D        | Noticed a two-headed ogre
  1197 | D        | Noticed a two-headed ogre
  1213 | D        | Killed a two-headed ogre
  1214 | D        | Reached skill level 25 in Polearms
  1217 | D        | Killed a two-headed ogre
  1263 | D        | Noticed Erolcha
  1275 | D        | Killed Erolcha
  1324 | D        | Bought a potion of mutation for 96 gold pieces
  1324 | D        | Bought 2 potions of heal wounds for 120 gold pieces
  1324 | D        | Bought a potion of cancellation for 96 gold pieces
  1324 | D        | Bought a potion of curing for 36 gold pieces
  1324 | D        | Bought a potion of curing for 36 gold pieces
  1324 | D        | Bought a potion of berserk rage for 60 gold pieces
  1336 | D        | Bought a scroll labelled WUWKICAIRA for 29 gold pieces
  1336 | D        | Bought a scroll labelled ODAIKHL VIEFRUP for 29 gold pieces
  1336 | D        | Bought a clouded iron ring for 145 gold pieces
  1336 | D        | Identified the ring of the Charmed God {rF+ Int+4 Stlth+}
                  | (You bought it in a shop in the Dungeon)
  1336 | D        | Bought a scroll labelled PUEN SINOQIR for 29 gold pieces
  1336 | D        | Bought a scroll of identify for 58 gold pieces
  1341 | D        | Bought a pair of encrusted boots for 285 gold pieces
  1341 | D        | Identified the +3 pair of boots of the Sun {rElec rF+++
                  | Dex-4} (You bought it in a shop in the Dungeon)
  1341 | D        | Bought the +6 lightning scales {swift, rElec} for 2010 gold
                  | pieces
  1341 | D        | Found the +6 lightning scales {swift, rElec}
  1344 | D        | Bought a faintly glowing iron ring for 135 gold pieces
  1344 | D        | Identified the ring of Zeve Isorch {rElec rC- Int+5 SInv}
                  | (You bought it in a shop in the Dungeon)
  1344 | D        | Bought a scroll labelled ODAIKHL VIEFRUP for 27 gold pieces
  1344 | D        | Bought a gold wand for 108 gold pieces
  1344 | D        | Bought a tubular moonstone ring for 135 gold pieces
  1344 | D        | Bought a scroll labelled NAREUSSABBO for 27 gold pieces
  1344 | D        | Bought a phial of floods for 1080 gold pieces
  1347 | D        | Bought an embroidered cloak for 157 gold pieces
  2028 | D        | Bought 2 potions of attraction for 72 gold pieces
  2128 | D        | Noticed Gastronok
  2141 | D        | Killed Gastronok
  2274 | D        | Noticed a boulder beetle
  2274 | D        | Noticed a six-headed hydra
  2274 | D        | Noticed a death knight
  2288 | D        | Noticed an ice dragon
  2289 | D        | Killed a ten-headed hydra
  2290 | D        | Reached skill level 26 in Polearms
  2302 | D        | Killed a death knight
  2304 | D        | Noticed a deep troll earth mage
  2308 | D        | Noticed a stone giant
  2310 | D        | Killed a boulder beetle
  2313 | D        | Noticed a stone giant
  2315 | D        | Noticed a deep troll earth mage
  2324 | D        | a centaur changed into an entropy weaver
  2324 | D        | Noticed an entropy weaver (shapeshifter)
  2327 | D        | Killed a stone giant
  2335 | D        | an entropy weaver changed into a boggart
  2336 | D        | Killed a stone giant
  2337 | D        | Noticed an ice dragon
  2338 | D        | Killed an ice dragon
  2339 | D        | Reached skill level 27 in Polearms
  2339 | D        | Noticed a stone giant
  2346 | D        | Killed a deep troll earth mage
  2347 | D        | Reached skill level 1 in Dodging
  2349 | D        | Killed a deep troll earth mage
  2350 | D        | Reached skill level 1 in Shapeshifting
  2355 | D        | Killed an ice dragon
  2356 | D        | Reached skill level 5 in Shields
  2363 | D        | Killed a stone giant
  2735 | D        | Bought a masterwork plate armour for 588 gold pieces
  2735 | D        | Identified the +4 plate armour of Elyvilon {rElec rF- rCorr
                  | Int+3} (You bought it in a shop in the Dungeon)
  2770 | D        | Bought a storm talisman for 1040 gold pieces
  3002 | D        | Noticed a naga warrior
  3007 | D        | Noticed a nagaraja
  3021 | D        | Killed a naga warrior
  3022 | D        | Reached XP level 13. HP: 91/141 MP: 12/12
  3039 | D        | Killed from afar by a nagaraja

Illustrated notes

Levels and vault maps discovered:
D:        linesprint [early_d, line_temple, items_1, d_10, items_2, lair_1,
          lair_end, items_3, orc_1, orc_end, items_4, d_15, swamp_1, shoals_1,
          snake_1, spider_1, d_20, vaults_1, items_5, swamp_end, shoals_end,
          snake_end, spider_end, vaults_end, d_27, items_6, zot_1, zot_end,
          crypt_end, forest_end, elf_end, slime_end, tomb_end, abyss_end,
          pan_hell_end]

Skill      XL: |  1  2  3  4  5  6  7  8  9 10 11 12 13 |
---------------+----------------------------------------+-----
Polearms       | 5 8 10 11 13 14 17 19 22 24 27 | 27.0
Fighting       | 5 6 8 9 10 11 12 14 16 18 20 | 20.7
Armour         | 5 6 7 9 10 11 12 14 16 18 20 | 20.7
Dodging        | 4 |  4.4
Shields        | 6 |  6.3
Shapeshifting  | 2 3 |  3.0

Action                     |  1- 3 |  4- 6 |  7- 9 | 10-12 | 13-15 || total
---------------------------+-------+-------+-------+-------+-------++-------
  Melee: Trident           |    28 |     5 |       |       |       ||    33
         Headbutt          |     2 |     4 |     8 |    69 |     2 ||    85
         Halberd           |       |    15 |    59 |   320 |    10 ||   404
 Invoke: Call Merchant     |       |       |       |     5 |       ||     5
    Use: Potion            |       |       |     2 |     3 |     6 ||    11
         Scroll            |       |       |       |     5 |       ||     5
   Stab: Distracted        |       |       |       |     1 |       ||     1
 Armour: Scale mail        |    13 |    19 |    18 |       |       ||    50
         Chain mail        |       |       |    12 |       |       ||    12
         Plate armour      |       |       |    10 |   210 |    20 ||   240
  Dodge: Dodged            |     5 |     8 |     9 |    64 |     7 ||    93
  Block: Buckler           |     3 |     2 |       |       |       ||     5
